 Dungeon Crawl Stone Soup version 0.25.1-2-g60ff931df9 (webtiles) character file.

Game seed: 6965129424308493632

238253 Almogavar the Warrior (level 19, -7/117 HPs)
             Began as a Gargoyle Fighter on Aug 29, 2020.
             Was the Champion of the Shining One.
             Mangled by Dissolution (10 damage)
             ... while paralysed by a floating eye
             ... on level 2 of the Pits of Slime on Aug 31, 2020.
             The game lasted 02:41:33 (36083 turns).

Almogavar the Warrior (Gargoyle Fighter)           Turns: 36083, Time: 02:41:33

Health: -7/117     AC: 35    Str: 37    XL:     19   Next: 71%
Magic:  0/24       EV:  2    Int:  7    God:    the Shining One [******]
Gold:   2470       SH:  0    Dex: 10    Spells: 21/21 levels left

rFire    + + +     SeeInvis .   J - +7 mace of Ahociocs {flame, Fragile rPois Str+5}
rCold    . . .     Gourm    .   Q - +1 kite shield {AC+3}
rNeg     + + +     Faith    .   L - +4 plate armour "Queseure" {rElec Regen+ rCorr Str+6}
rPois    ∞         Spirit   +   X - +1 hat
rElec    +         Reflect  .   R - scarf {repulsion}
rCorr    +         Harm     .   s - +1 pair of gloves {Dex+3}
MR       ++...                  Z - +0 pair of boots
Stlth    ..........             B - amulet of guardian spirit
HPRegen  0.69/turn              Y - ring of Amihyog {rElec rF+++ MR+ Int+3 Dex-4}
MPRegen  0.19/turn              c - ring of Ynuel {rF+++ rN+ Str+2 Int-3 Dex+6}

@: confused, paralysed, divine shield, corroded, flying, glowing, repel missiles
A: big wings, blurry vision 2, clumsy 2, deterioration 1, dopey 1, frail 1, low
mp 1, negative energy resistance 1, electricity resistance, weak 2, unbreathing,
petrification resistance, rot immunity, subdued magic 1, AC +14
}: 1/15 runes: gossamer
a: Stop Flying, Divine Shield, Cleansing Flame, Summon Divine Warrior, Brand
Weapon With Holy Wrath, Renounce Religion


You were on level 2 of the Pits of Slime.
You worshipped the Shining One.
The Shining One was exalted by your worship.
You were hungry.

You visited 5 branches of the dungeon, and saw 30 of its levels.
You also visited: Gauntlet.

You collected 3000 gold pieces.
You spent 530 gold pieces at shops.

Inventory:

Hand Weapons
 J - the +7 mace of Ahociocs (weapon) {flame, Fragile rPois Str+5}
   (You bought it in a shop on level 2 of the Orcish Mines)

   It has been specially enchanted to burn those struck by it, causing extra
   injury to most foes and up to half again as much damage against particularly
   susceptible opponents.
   It affects your strength (+5).
   It protects you from poison.
   It will be destroyed if unequipped.
Armour
 e - +1 ice dragon scales
 r - the +2 cloak of the Thief {+Fog Slay-2 SInv Stlth+}
   (You found it on level 1 of the Spider Nest)

   It affects your accuracy and damage with ranged weapons and melee attacks
   (-2).
   It lets you see invisible.
   It makes you more stealthy.
 s - a +1 pair of gloves of dexterity (worn)
 x - a +2 scale mail of cold resistance
 L - the +4 plate armour "Queseure" (worn) {rElec Regen+ rCorr Str+6}
   (You found it on level 13 of the Dungeon)

   It affects your strength (+6).
   It insulates you from electricity.
   It increases your rate of regeneration.
   It provides partial protection from all sources of acid and corrosion.
 Q - a +1 kite shield of protection (worn)
 R - a scarf of repulsion (worn)
 X - a +1 hat (worn)
 Z - a +0 pair of boots (worn)
Jewellery
 a - an uncursed amulet of reflection
 c - the ring of Ynuel (right hand) {rF+++ rN+ Str+2 Int-3 Dex+6}
   (You found it on level 15 of the Dungeon)

   [ring of dexterity]

   It affects your strength (+2).
   It affects your intelligence (-3).
   It affects your dexterity (+6).
   It renders you almost immune to fire.
   It protects you from negative energy.
 k - an uncursed ring of see invisible
 w - an uncursed ring of protection from fire
 y - the ring "Qad Voib" {MR+ MP+9 Int-2 Dex+2}
   (You acquired it on level 14 of the Dungeon)

   [ring of magical power]

   It affects your intelligence (-2).
   It affects your dexterity (+2).
   It affects your resistance to hostile enchantments.
   It affects your magic capacity (+9).
 z - the ring of Summer {*Tele rC+}
   (You found it on level 15 of the Dungeon)

   [ring of teleportation]

   It may teleport you next to monsters.
   It protects you from cold.
 B - an amulet of guardian spirit (around neck)
 G - a +6 ring of strength
 O - an uncursed ring of ice
 P - a +4 ring of protection
 Y - the ring of Amihyog (left hand) {rElec rF+++ MR+ Int+3 Dex-4}
   (You acquired it on level 14 of the Dungeon)

   [ring of protection from magic]

   It affects your intelligence (+3).
   It affects your dexterity (-4).
   It renders you almost immune to fire.
   It insulates you from electricity.
   It affects your resistance to hostile enchantments.
Wands
 g - a wand of flame (4)
 u - a wand of iceblast (18)
 F - a wand of disintegration (14)
 V - a wand of digging (11)
Scrolls
 b - 6 scrolls of enchant weapon
 j - 15 scrolls of teleportation
 l - 2 scrolls of blinking
 m - 4 scrolls of remove curse
 q - 2 scrolls of magic mapping
 t - 7 scrolls of fog
 A - 8 scrolls of amnesia
 E - a scroll of fear
 I - a scroll of summoning
Potions
 d - 3 potions of might
 i - a potion of resistance
 n - 9 potions of heal wounds
 o - 13 potions of curing
 v - 2 potions of cancellation
 N - 4 potions of haste
 U - 2 potions of berserk rage
Miscellaneous
 M - a phial of floods
 W - a phial of floods
Comestibles
 f - 55 rations


   Skills:
 + Level 18.2 Fighting
 - Level 14.3 Maces & Flails
 + Level 15.4 Armour
 - Level 7.5 Dodging
 - Level 0.6 Stealth
 - Level 15.1 Shields
 + Level 1.7 Spellcasting
 * Level 10.5 Invocations
 * Level 10.3 Evocations


You had 21 spell levels left.
You didn't know any spells.
Your spell library contained the following spells:

 Spells                   Type           Power        Failure   Level  Hunger
 Animate Skeleton         Necr           N/A          80%         1    ##.....
 Beastly Appendage        Tmut           #.....       80%         1    ##.....
 Magic Dart               Conj           #...         80%         1    ##.....
 Sting                    Tmut/Pois      #...         80%         1    ##.....
 Corpse Rot               Necr/Air       N/A          91%         2    ###....
 Searing Ray              Conj           #.....       91%         2    ###....
 Sticks to Snakes         Tmut           #.......     91%         2    ###....
 Dazzling Flash           Conj/Hex       #.....       99%         3    ####...
 Spider Form              Tmut/Pois      #.........   99%         3    ####...
 Vampiric Draining        Necr           #.........   99%         3    ####...
 Animate Dead             Necr           N/A          100%        4    #####..
 Dispel Undead            Necr           #.......     100%        4    #####..
 Fulminant Prism          Conj/Hex       #.........   100%        4    #####..
 Iskenderun's Mystic Bla  Conj/Tloc      #.......     100%        4    #####..
 Agony                    Necr           #.......     100%        5    ######.
 Excruciating Wounds      Chrm/Necr      #.........   100%        5    ######.
 Iskenderun's Battlesphe  Conj/Chrm      #.......     100%        5    ######.
 Sublimation of Blood     Necr           Unusable     N/A         2    N/A

Dungeon Overview and Level Annotations

Branches:
Dungeon (15/15)            Temple (0/1) D:5            Lair (6/6) D:10
 Shoals (0/4) Lair:2       Spider (4/4) Lair:2        Slime (3/5) Lair:6
    Orc (2/2) D:11            Elf (0/3) Orc:2        Vaults (0/5) D:13
 Depths (0/5) D:15        Gauntlet (visited)

Altars:
Cheibriados
Dithmenos
Elyvilon
Fedhas
Kikubaaqudgha
Makhleb
Trog
Wu Jian
Xom
The Shining One
Beogh
Jiyva

Shops:
D:8 (:[   D:10 (   D:11 :   D:15 =*=   Orc:2 =([}[

Annotations:
Slime:2 Dissolution


Innate Abilities, Weirdness & Mutations

You are resistant to torment.
Your stone body is resilient. (AC +14)
You are immune to poison.
Your large and strong wings let you fly indefinitely.
You resist negative energy. (rN+)
You are resistant to electric shocks. (rElec)
You can survive without breathing.
You are immune to petrification.
You are immune to rotting.
Scrolls take you longer to read.
You are very clumsy. (Dex -4)
Your body sometimes deteriorates upon taking damage.
You are dopey. (Int -2)
You are frail. (-10% HP)
Your magical capacity is low. (-10% MP)
You are very weak. (Str -4)
Your spells are a little easier to cast, but a little less powerful.


Message History

The acid corrodes you!
You are splashed with acid.
You resist.
* * * LOW HITPOINT WARNING * * *
Dissolution hits you but does no damage.
The golden eye blinks at you. You resist with almost no effort.
The great orb of eyes bites you but does no damage.
The floating eye gazes piercingly through you!
You suddenly lose the ability to move!
Dissolution hits you!
* * * LOW HITPOINT WARNING * * *
You are splashed with acid.
You resist.
* * * LOW HITPOINT WARNING * * *
Dissolution hits you.
* * * LOW HITPOINT WARNING * * *
You are splashed with acid.
You resist.
* * * LOW HITPOINT WARNING * * *
The floating eye pulsates ominously.
The great orb of eyes bites you but does no damage.
Dissolution hits you!
You die...

##.#....##...#.#..........# ##
####....#....#.#.#......####.
#### ##....#............^.#.#..
##.## ##.#.......................
....###..........................
.#..#.##................>........
.......##..>.....................
.........#....<..G.............#.
...........##..G@G............###
................JG........#...#
....###..........................
..######.......<.......##....##..
..####.#.............#.###..#.#..
...##...............#...#......#.
#.####.##............#.#....#.###
...# ####..........<..###.#####
..####.#....##........# ###


You could see Dissolution, a great orb of eyes (summoned), 2 floating eyes and a
golden eye (summoned).

Vanquished Creatures
  Nikola (Spider:2)
  Arachne (Spider:2)
  4 acid blobs
  A sphinx (D:11)
  Agnes (D:15)
  Kirke (Spider:2)
  2 azure jellies
  6 ghost moths
  12 emperor scorpions
  2 orc warlords
  4 entropy weavers
  A stone giant (Orc:2)
  A minotaur (Gauntlet)
  3 spark wasps
  A death ooze (Slime:1)
  A fire dragon (D:15)
  4 great orbs of eyes
  Josephine (Lair:4)
  3 yaktaur captains (D:15)
  A deep elf high priest (D:15)
  A rakshasa (D:15)
  Fannar (D:11)
  10 hydras
  2 catoblepae
  7 vault guards
  2 centaur warriors
  An ogre mage (D:11)
  3 two-headed ogres
  12 death yaks
  4 tengu warriors
  3 deep troll shamans
  2 orc high priests (Orc:2)
  Nergalle (Lair:3)
  Urug (Lair:2)
  6 unseen horrors
  32 wolf spiders
  7 orc knights
  3 shining eyes (Slime:2)
  3 ugly things
  23 orb spiders
  2 deep elf magi (D:11)
  An oklob plant (D:13)
  3 orc sorcerers
  A salamander (shapeshifter) (D:12)
  2 manticores
  3 elephants
  6 cyclopes
  6 black mambas (Lair:6)
  5 moths of wrath
  4 torpor snails
  2 molten gargoyles (Lair:5)
  6 spiny frogs
  4 gargoyles
  2 eyes of devastation
  Psyche (D:8)
  Maggie (D:7)
  A rime drake (Lair:3)
  9 kobold demonologists
  6 demonic crawlers
  A minotaur zombie (Gauntlet)
  7 komodo dragons
  A freezing wraith (D:15)
  3 efreet
  A yaktaur (D:15)
  2 tengu conjurers
  42 jumping spiders
  10 trolls
  3 polar bears
  2 meliai (D:15)
  A meliai (shapeshifter) (D:15)
  A harpy skeleton (D:15)
  37 slime creatures
  4 blink frogs
  A snapping turtle (Lair:2)
  6 dream sheep
  5 hornets
  11 hippogriffs
  2 shadows (D:15)
  A spriggan (Lair:4)
  4 flying skulls (Gauntlet)
  6 wraiths
  77 redbacks
  9 hogs
  39 tarantellas
  3 steam dragons
  37 yaks
  A vampire (D:15)
  3 wyverns
  A hungry ghost (D:12)
  Grum (D:8)
  6 basilisks
  9 humans
  5 vampire mosquitoes
  2 swamp worms (Gauntlet)
  5 wargs
  2 floating eyes (D:15)
  12 water moccasins
  11 porcupines
  2 eyes of draining (Slime:1)
  A hornet zombie (D:13)
  43 orc warriors
  6 necrophages
  5 black bears
  4 ice beasts
  2 phantoms
  4 sky beasts
  7 centaurs
  11 ogres
  10 wolves
  A boggart (D:15)
  10 crocodiles
  3 big kobolds
  Blork the orc (D:4)
  A gnoll sergeant (D:6)
  20 bullfrogs
  2 wyvern zombies (D:12)
  A wyvern skeleton (D:14)
  10 scorpions
  An oklob sapling (D:13)
  17 killer bees
  16 wights
  7 howler monkeys
  6 crimson imps
  5 lava snakes (Lair:5)
  4 bullfrog zombies
  2 quasits
  7 centaur zombies
  9 hounds
  17 orc priests
  3 jellies
  26 orc wizards
  8 centaur skeletons
  3 bullfrog skeletons
  5 iguanas
  5 worker ants
  A killer bee zombie (D:9)
  A hound zombie (D:9)
  12 gnolls
  19 adders
  3 shadow imps
  An adder zombie (D:5)
  4 worms
  An adder skeleton (D:4)
  4 leopard geckos
  121 orcs
  9 ball pythons
  8 bats
  4 bat skeletons (D:6)
  A bat zombie (D:6)
  7 giant cockroaches
  8 goblins
  5 hobgoblins
  16 jackals
  25 kobolds
  6 quokkas
  7 frilled lizards
  6 rats
  A bush (D:12)
  2 plants
1171 creatures vanquished.

Vanquished Creatures (collateral kills)
  Jorgrun (D:15)
  A hydra (D:15)
  A two-headed ogre (D:15)
3 creatures vanquished.

Vanquished Creatures (others)
  A wolf spider (Spider:2)
  2 jumping spiders
  A redback (Spider:2)
  2 tarantellas
  A human (D:13)
  A bullfrog (D:15)
  A bullfrog zombie (D:11)
  A kobold (D:15)
  11 demonic plants (Gauntlet)
  4 fungi
  7 plants
32 creatures vanquished.

Grand Total: 1206 creatures vanquished

Notes
Turn   | Place    | Note
-------+----------+-------------------------------------------
     0 | D:1      | Almogavar the Gargoyle Fighter began the quest for the Orb.
     0 | D:1      | Reached XP level 1. HP: 14/14 MP: 1/1
   165 | D:1      | Reached XP level 2. HP: 17/19 MP: 2/2
  1000 | D:1      | Reached XP level 3. HP: 23/23 MP: 3/3
  1339 | D:2      | Found a glowing golden altar of the Shining One.
  1370 | D:2      | You fall into a shaft and drop 1 floor!
  1522 | D:3      | Found a faded altar of an unknown god.
  1994 | D:3      | Reached XP level 4. HP: 29/29 MP: 4/4
  2471 | D:2      | Became a worshipper of the Shining One
  2579 | D:2      | Reached XP level 5. HP: 30/33 MP: 5/5
  2684 | D:2      | Reached skill level 1 in Dodging
  3304 | D:4      | Reached skill level 4 in Fighting
  3339 | D:4      | Noticed an ogre
  3350 | D:4      | Killed an ogre
  3350 | D:4      | Reached XP level 6. HP: 22/38 MP: 6/6
  3703 | D:4      | Reached XP level 7. HP: 44/44 MP: 7/7
  3939 | D:4      | Reached skill level 5 in Maces & Flails
  3939 | D:4      | Reached skill level 5 in Armour
  4023 | D:4      | Noticed Blork the orc
  4034 | D:4      | Killed Blork the orc
  4651 | D:5      | Entered Level 5 of the Dungeon
  4676 | D:5      | Reached skill level 5 in Shields
  4732 | D:5      | Reached * piety under the Shining One
  4757 | D:5      | Reached XP level 8. HP: 45/48 MP: 8/8
  4777 | D:5      | Found a staircase to the Ecumenical Temple.
  4980 | D:5      | Found a snail-covered altar of Cheibriados.
  5193 | D:5      | Reached skill level 5 in Fighting
  5256 | D:5      | Found a bloodstained altar of Trog.
  5985 | D:6      | Noticed a hippogriff
  6383 | D:6      | Killed a hippogriff
  6383 | D:6      | Reached XP level 9. HP: 49/54 MP: 9/9
  6594 | D:6      | Found an ancient bone altar of Kikubaaqudgha.
  6733 | D:7      | Reached ** piety under the Shining One
  7170 | D:7      | Identified the Incunabulum of Talismans and Stolen Souls
  7206 | D:7      | Noticed Maggie
  7224 | D:7      | Killed Maggie
  7535 | D:7      | Found a burning altar of Makhleb.
  7652 | D:8      | Found Otofyga's Book Boutique.
  7711 | D:8      | Reached skill level 6 in Fighting
  7812 | D:8      | Found Eczuanto's Antique Weapon Shoppe.
  8035 | D:8      | Noticed a two-headed ogre
  8045 | D:8      | Killed a two-headed ogre
  8045 | D:8      | Reached skill level 1 in Invocations
  8045 | D:8      | Reached XP level 10. HP: 38/61 MP: 6/10
  8199 | D:8      | Found Zeyje's Antique Armour Shoppe.
  8205 | D:8      | Bought a pair of embroidered gloves for 202 gold pieces
  8373 | D:8      | Noticed Psyche
  8376 | D:8      | Found an ornate altar of the Wu Jian Council.
  8376 | D:8      | Found a shadowy altar of Dithmenos.
  8376 | D:8      | Found a white marble altar of Elyvilon.
  8384 | D:8      | Killed Psyche
  8418 | D:8      | Found a shimmering altar of Xom.
  8582 | D:8      | Noticed Grum
  8596 | D:8      | Killed Grum
  8715 | D:9      | Reached skill level 10 in Maces & Flails
  9253 | D:9      | Reached skill level 7 in Fighting
  9958 | D:10     | Entered Level 10 of the Dungeon
 10027 | D:10     | Noticed an unseen horror
 10052 | D:10     | Killed an unseen horror
 10075 | D:10     | Reached *** piety under the Shining One
 10081 | D:10     | Reached XP level 11. HP: 59/67 MP: 9/11
 10642 | D:10     | Found Maxiojen's Weapon Shoppe.
 10757 | D:10     | Found a staircase to the Lair.
 11017 | D:11     | Noticed a two-headed ogre
 11022 | D:11     | Killed a two-headed ogre
 11040 | D:11     | Noticed a four-headed hydra
 11046 | D:11     | Killed a four-headed hydra
 11053 | D:11     | Reached skill level 8 in Fighting
 11071 | D:11     | Noticed a tengu warrior
 11085 | D:11     | Killed a tengu warrior
 11085 | D:11     | Noticed a deep elf mage
 11099 | D:11     | Killed a deep elf mage
 11101 | D:11     | Noticed a cyclops
 11115 | D:11     | Noticed an ogre mage
 11117 | D:11     | Noticed a sphinx
 11124 | D:11     | Noticed a soul eater
 11466 | D:11     | Noticed a manticore
 11500 | D:11     | Killed a manticore
 11739 | D:11     | Noticed an unseen horror
 11753 | D:11     | Killed an unseen horror
 11761 | D:11     | Killed a cyclops
 11761 | D:11     | Reached skill level 10 in Shields
 11901 | D:11     | Reached XP level 12. HP: 75/75 MP: 13/13
 11980 | D:11     | Identified the +7 broad axe "Neol" {venom, +Blink rF- Dex+5
                  | SInv}
 12046 | D:11     | Reached **** piety under the Shining One
 12173 | D:11     | Reached skill level 9 in Fighting
 12346 | D:11     | Killed an ogre mage
 12549 | D:11     | Got a bloodstained arbalest
 12576 | D:11     | Paralysed by a sphinx for 5 turns
 12596 | D:11     | Killed a sphinx
 12784 | D:11     | Noticed a seven-headed hydra
 12792 | D:11     | Killed a seven-headed hydra
 13227 | D:11     | Noticed Fannar
 13247 | D:11     | Killed Fannar
 13247 | D:11     | Reached skill level 5 in Dodging
 13461 | D:11     | Found Uxzuph's Book Shop.
 13469 | D:11     | Found a staircase to the Orcish Mines.
 13788 | Lair:1   | Entered Level 1 of the Lair of Beasts
 14378 | Lair:1   | Noticed an eight-headed hydra
 14392 | Lair:1   | HP: 1/77 [eight-headed hydra (4)]
 14394 | Lair:1   | Killed an eight-headed hydra
 14394 | Lair:1   | Reached XP level 13. HP: 25/82 MP: 1/14
 14681 | Lair:1   | Reached skill level 10 in Fighting
 15595 | Lair:2   | Found a hole to the Spider Nest.
 15753 | Lair:2   | Noticed Urug
 15774 | Lair:2   | Killed Urug
 15969 | Lair:2   | Found a staircase to the Shoals.
 16409 | Lair:3   | Noticed Nergalle
 16428 | Lair:3   | Killed Nergalle
 17103 | Lair:4   | Found a gate leading to a gauntlet.
 17118 | Gauntlet | Entered a Gauntlet
 17118 | Gauntlet | Found a transporter.
 17118 | Gauntlet | Found a transporter.
 17121 | Gauntlet | Found a transporter.
 17122 | Gauntlet | Found a transporter.
 17124 | Gauntlet | Found a large runed translucent door.
 17125 | Gauntlet | Found a large runed translucent door.
 17126 | Gauntlet | Found a large runed translucent door.
 17126 | Gauntlet | Found a large runed translucent door.
 17126 | Gauntlet | Found a runed translucent door.
 17126 | Gauntlet | Found a runed translucent door.
 17127 | Gauntlet | Found a large runed translucent door.
 17127 | Gauntlet | Found a large runed translucent door.
 17127 | Gauntlet | Found a large runed translucent door.
 17127 | Gauntlet | Found a large runed translucent door.
 17128 | Gauntlet | Found a large runed translucent door.
 17128 | Gauntlet | Found a large runed translucent door.
 17129 | Gauntlet | Found a large runed translucent door.
 17129 | Gauntlet | Found a large runed translucent door.
 17130 | Gauntlet | Found a runed translucent gate.
 17130 | Gauntlet | Found a runed translucent gate.
 17130 | Gauntlet | Found a runed translucent gate.
 17132 | Gauntlet | Found a transporter.
 17142 | Gauntlet | Found a large runed translucent door.
 17143 | Gauntlet | Found a large runed translucent door.
 17152 | Gauntlet | Found a large runed translucent door.
 17152 | Gauntlet | Found a large runed translucent door.
 17197 | Gauntlet | Found a transporter.
 17207 | Gauntlet | Found a transporter.
 17223 | Gauntlet | Found a transporter.
 17235 | Gauntlet | Found a transporter.
 17249 | Gauntlet | Found a transporter.
 17255 | Gauntlet | Found a transporter.
 17277 | Gauntlet | Found a transporter.
 17593 | Gauntlet | Identified the +11 glaive of Conflict {vorpal, MR++ Int-2}
 17593 | Gauntlet | Noticed a minotaur
 17608 | Gauntlet | Killed a minotaur
 18509 | Lair:4   | Reached skill level 10 in Armour
 18526 | Lair:4   | Reached skill level 11 in Fighting
 19110 | Lair:5   | Noticed Josephine
 19122 | Lair:4   | Killed Josephine
 19139 | Lair:5   | Gained mutation: Your large and strong wings let you fly
                  | indefinitely. [Gargoyle growth]
 19139 | Lair:5   | Reached XP level 14. HP: 90/90 MP: 15/15
 19782 | Lair:6   | Entered Level 6 of the Lair of Beasts
 19797 | Lair:6   | Reached skill level 1 in Evocations
 19838 | Lair:6   | Reached ***** piety under the Shining One
 21020 | Lair:6   | Reached skill level 12 in Fighting
 21300 | Lair:6   | Got an ichor-stained hand axe
 21301 | Lair:6   | Identified the +2 hand axe of Broken Luck {venom, Int+3}
                  | (You found it on level 6 of the Lair of Beasts)
 21380 | Lair:6   | Found a viscous altar of Jiyva.
 21381 | Lair:6   | Found a staircase to the Slime Pits.
 22039 | Orc:1    | Entered Level 1 of the Orcish Mines
 22644 | D:11     | Reached XP level 15. HP: 71/96 MP: 14/18
 22854 | Orc:1    | Noticed an orc warlord
 22875 | Orc:1    | Killed an orc warlord
 23318 | Orc:2    | Entered Level 2 of the Orcish Mines
 23703 | Orc:2    | Found a roughly hewn altar of Beogh.
 23758 | Orc:2    | Found a staircase to the Elven Halls.
 23773 | Orc:2    | Found Guih's Gadget Shoppe.
 23836 | Orc:2    | Found a roughly hewn altar of Beogh.
 23964 | Orc:2    | Found a roughly hewn altar of Beogh.
 23986 | Orc:2    | Found Tamiqakk's Armour Shoppe.
 24061 | Orc:2    | Found a roughly hewn altar of Beogh.
 24085 | Orc:2    | Found Puceret's Jewellery Boutique.
 24320 | Orc:2    | Reached skill level 5 in Evocations
 24321 | Orc:2    | Noticed an orc warlord
 24325 | Orc:2    | Found Bangeito's Antique Armour Boutique.
 24332 | Orc:2    | Found a roughly hewn altar of Beogh.
 24382 | Orc:2    | Killed an orc warlord
 24382 | Orc:2    | Paralysed by an orc sorcerer for 5 turns
 24397 | Orc:2    | Gained mutation: Your spells are a little easier to cast,
                  | but a little less powerful. [a neqoxec]
 24887 | Orc:2    | Found Ihon's Antique Weapon Shop.
 24902 | Orc:2    | Bought an iridescent mace for 256 gold pieces
 24902 | Orc:2    | Identified the +7 mace of Ahociocs {flame, Fragile rPois
                  | Str+5} (You bought it in a shop on level 2 of the Orcish
                  | Mines)
 26045 | D:12     | Reached skill level 15 in Shields
 26400 | D:12     | Found a blossoming altar of Fedhas.
 26537 | D:12     | Reached ****** piety under the Shining One
 26711 | D:13     | Found the +7 Spriggan's Knife {stab, EV+4 Stlth+}
 26716 | D:13     | Reached skill level 13 in Fighting
 27289 | D:13     | Found a gate to the Vaults.
 27305 | D:13     | Got a faintly glowing plate armour
 27351 | D:13     | Identified the +4 plate armour "Queseure" {rElec Regen+
                  | rCorr Str+6} (You found it on level 13 of the Dungeon)
 27469 | D:13     | Identified Dovoshre's Compendium of Nature
 27927 | D:14     | Reached XP level 16. HP: 103/104 MP: 18/20
 28035 | D:14     | Identified 2 scrolls of acquirement
 28036 | D:14     | Acquired the ring of Amihyog {rElec rF+++ MR+ Int+3 Dex-4}
 28244 | D:14     | Acquired the ring "Qad Voib" {MR+ MP+9 Int-2 Dex+2}
 28272 | D:15     | Entered Level 15 of the Dungeon
 28373 | D:15     | Reached skill level 14 in Fighting
 28373 | D:15     | Reached skill level 1 in Spellcasting
 28373 | D:15     | Reached skill level 5 in Invocations
 28373 | D:15     | Reached XP level 17. HP: 111/111 MP: 22/22
 28451 | D:15     | Got a sparkling silver ring
 28453 | D:15     | Identified the ring of Ynuel {rF+++ rN+ Str+2 Int-3 Dex+6}
                  | (You found it on level 15 of the Dungeon)
 28463 | D:15     | Noticed Agnes
 28472 | D:15     | Paralysed by a floating eye for 3 turns
 28481 | D:15     | Paralysed by a floating eye for 3 turns
 28490 | D:15     | Killed Agnes
 28490 | D:15     | Paralysed by a floating eye for 4 turns
 28609 | D:15     | Found Giwiell's Jewellery Shop.
 28669 | D:15     | Noticed Jorgrun
 28702 | D:15     | Killed Jorgrun
 28880 | D:15     | Got a sparkling amber ring
 28891 | D:15     | Found Qunecweg's General Store.
 28905 | D:15     | Bought a +0 pair of boots for 72 gold pieces
 28907 | D:15     | Identified the ring of Devotion {rPois rF+} (You found it
                  | on level 15 of the Dungeon)
 29076 | D:15     | Got a pitted bronze ring
 29078 | D:15     | Identified the ring of Summer {*Tele rC+} (You found it on
                  | level 15 of the Dungeon)
 29091 | D:15     | Found Vourri's Jewellery Boutique.
 29382 | D:15     | Found a staircase to the Depths.
 29428 | D:15     | Reached skill level 15 in Fighting
 29823 | Spider:1 | Entered Level 1 of the Spider Nest
 30543 | Spider:1 | You are sucked into a shaft and drop 1 floor!
 30564 | Spider:2 | Reached XP level 18. HP: 100/120 MP: 0/24
 30919 | Spider:1 | Found the +2 cloak of the Thief {+Fog Slay-2 SInv Stlth+}
 31337 | Spider:2 | Noticed Nikola
 31363 | Spider:2 | Killed Nikola
 31363 | Spider:2 | Reached skill level 16 in Fighting
 31509 | Spider:2 | Noticed Kirke
 31530 | Spider:2 | Noticed Arachne
 31557 | Spider:2 | Killed Arachne
 31598 | Spider:2 | Killed Kirke
 32728 | Spider:4 | Entered Level 4 of the Spider Nest
 32807 | Spider:4 | Reached skill level 17 in Fighting
 33169 | Spider:4 | Reached XP level 19. HP: 110/128 MP: 22/26
 33844 | Spider:4 | Reached skill level 10 in Evocations
 34027 | Spider:4 | Reached skill level 10 in Invocations
 34114 | Spider:4 | Reached skill level 15 in Armour
 34388 | Spider:4 | Got a gossamer rune of Zot
 34712 | Slime:1  | Entered Level 1 of the Pits of Slime
 35344 | Slime:1  | Reached skill level 18 in Fighting
 35548 | Slime:2  | Lost mutation: Your spells are a little easier to cast, but
                  | a little less powerful. [a shining eye]
 35560 | Slime:2  | Gained mutation: Your body sometimes deteriorates upon
                  | taking damage. [a shining eye]
 35566 | Slime:2  | Gained mutation: You are frail. (-10% HP) [a shining eye]
 35736 | Slime:2  | Gained mutation: You are dopey. (Int -2) [a shining eye]
 35737 | Slime:2  | Gained mutation: Scrolls take you a little longer to read.
                  | [a shining eye]
 35749 | Slime:2  | Gained mutation: Your spells are a little easier to cast,
                  | but a little less powerful. [a shining eye]
 35753 | Slime:2  | Gained mutation: Your magical capacity is low. (-10% MP) [a
                  | shining eye]
 35755 | Slime:2  | Gained mutation: You are clumsy. (Dex -2) [a shining eye]
 35761 | Slime:2  | Gained mutation: Scrolls take you longer to read. [a
                  | shining eye]
 35765 | Slime:2  | Gained mutation: You are weak. (Str -2) [a shining eye]
 36046 | Slime:3  | Noticed Dissolution
 36070 | Slime:2  | Gained mutation: You are very clumsy. (Dex -4) [a shining
                  | eye]
 36074 | Slime:2  | Gained mutation: You are very weak. (Str -4) [a shining
                  | eye]
 36081 | Slime:2  | Paralysed by a floating eye for 4 turns
 36082 | Slime:2  | HP: 3/117 [acid (3)]
 36083 | Slime:2  | Mangled by Dissolution

Illustrated notes

Levels and vault maps discovered:
D:1:      dpeg_chamrin_arrival_tetris, layout_basic, serial_co_window_serial,
          co_window_corner_a, co_window_of_opportunity_a,
          co_window_of_opportunity_a, co_window_cross_1,
          co_window_of_opportunity_a, co_window_of_opportunity_c,
          co_window_unsneaky_path_b, co_window_2corner, co_window_cross_4,
          co_window_4corner_b, co_window_4corner_a, minivault_14
D:2:      layout_loops_ring, tso_metal_star, first_ration
D:3:      layout_basic, chequers_ecumenical_altar_simple_redux
D:4:      layout_cave_pods, uniq_blork_the_orc
D:5:      layout_basic, marbit_many_paths, lemuel_coloured_pillars_altar,
          minmay_temple_entry_grid
D:6:      layout_loops_cross, kennysheep_vampire_church
D:7:      layout_basic, bloody_makhleb, uniq_maggie
D:8:      layout_loops_ring, minitemple, serial_shops, shop, shop, shop,
          uniq_grum, uniq_psyche
D:9:      layout_irregular_city
D:10:     layout_roguey, grunt_lair_entry_orc_guard_hut, serial_shops,
          shop_statue, grunt_livestock
D:11:     minmay_the_grid_square_5x5_5x5 [minmay_the_grid_square_5x5_c,
          minmay_the_grid_square_5x5_hourglass,
          minmay_the_grid_square_5x5_corner, minmay_the_grid_square_5x5_v,
          minmay_the_grid_square_5x5_trominoes,
          minmay_the_grid_square_5x5_doubleslash,
          minmay_the_grid_square_5x5_prize_pseudospiral,
          minmay_the_grid_square_5x5_bite,
          minmay_the_grid_square_5x5_prize_snowflake,
          minmay_the_grid_square_5x5_comb,
          minmay_the_grid_square_5x5_three_small,
          minmay_the_grid_square_5x5_checkered_sparse,
          minmay_the_grid_square_5x5_prize_monsterx,
          minmay_the_grid_square_5x5_half_checkered,
          minmay_the_grid_square_5x5_checkered,
          minmay_the_grid_square_5x5_tetrominoes,
          minmay_the_grid_square_5x5_prize_itemx,
          minmay_the_grid_square_5x5_three,
          minmay_the_grid_square_5x5_prize_waves,
          minmay_the_grid_square_5x5_misaligned,
          minmay_the_grid_square_5x5_spiral,
          minmay_the_grid_square_5x5_bracketed,
          minmay_the_grid_square_5x5_sharp_hourglass,
          minmay_the_grid_square_5x5_fat_x,
          minmay_the_grid_square_5x5_minivault], layout_layer_cave,
          serial_shops, kennysheep_mini, uniq_fannar
D:12:     layout_grid_maze, fedhas_altar_decomposition
D:13:     layout_rooms, ximxim_vaults_locker_room, small_chamber_with_monster,
          introduction_to_nature_2
D:14:     layout_rooms, minmay_misc_feat_nine_boxes
D:15:     hangedman_spin_cycle, uniq_jorgrun, uniq_agnes
Lair:1:   layout_cave_pods, chequers_serial_rivers_micro_b, nzn_random_ring
Lair:2:   layout_layer_cave, minmay_shoals_entry_hut,
          spider_nest_entry_web_field, uniq_urug
Lair:3:   layout_long_grid, infiniplex_staircase_pool, lemuel_fruit_fields,
          uniq_nergalle
Lair:4:   layout_hall_layers, gauntlet_entry_generic,
          grunt_forest_large_clearing_hut
Lair:5:   cheibrodos_magma_flow, layout_misc_corridors, uniq_josephine
Lair:6:   grunt_lair_end_beastmaster, layout_layer_cave,
          dpeg_slime_entry_enclosed_altar, chequers_serial_rivers_micro_d,
          patterned_corridor
Spider:1: cheibrodos_spider_silkery
Spider:2: layout_spider_delve, uniq_nikola, uniq_arachne, uniq_kirke
Spider:3: layout_spider_delve
Spider:4: grunt_spider_rune_circles, drop_trap, nicolae_arachne_temple
Slime:1:  layout_caves, cheibrodos_slime_lost_civilization_5
Slime:2:  layout_caves
Slime:3:  layout_caves, dissolution_awaits
Orc:1:    layout_diamond_mine, minmay_orc_barracks
Orc:2:    grunt_orc_community_town_hall, layout_diamond_mine,
          grunt_orc_community_big_house_2, grunt_orc_community_big_house_2,
          grunt_orc_community_house_1, grunt_orc_community_house_3,
          grunt_orc_community_house_3, grunt_orc_community_house_2,
          serial_shops, shop

Skill      XL: |  1  2  3  4  5  6  7  8  9 10 11 12 13 14 15 16 17 18 19 |
---------------+----------------------------------------------------------+-----
Armour         | 4 5 6 7 8 9 10 11 12 14 15 | 15.4
Maces & Flails | 3 4 5 7 9 10 12 13 14 | 14.3
Dodging        | 1 2 3 4 5 6 7 |  7.5
Fighting       | 4 5 6 7 8 9 11 12 13 14 15 17 18 | 18.2
Shields        | 4 5 6 7 8 10 11 12 14 15 | 15.1
Invocations    | 1 2 4 5 7 9 10 | 10.5
Evocations     | 4 6 7 8 9 10 | 10.3
Spellcasting   | 1 |  1.7
Stealth        | |  0.6

Action                   |  1- 3 |  4- 6 |  7- 9 | 10-12 | 13-15 | 16-18 | 19-21 || total
-------------------------+-------+-------+-------+-------+-------+-------+-------++-------
Melee: Flail             |   202 |   195 |   376 |   730 |  1206 |       |       ||  2709
       Mace              |       |       |       |       |   482 |  1300 |   593 ||  2375
Invok: Divine Shield     |       |       |     2 |     4 |     2 |     2 |     1 ||    11
       Summon Divine War |       |       |       |       |       |     1 |       ||     1
 Abil: Fly               |       |       |       |       |     1 |       |       ||     1
Evoke: Wand              |       |       |       |       |     2 |     2 |       ||     4
  Use: Scroll            |     1 |     6 |     9 |     5 |    14 |     7 |       ||    42
       Potion            |       |       |       |     2 |       |     1 |       ||     3
  Eat: Chunk             |     4 |     5 |    12 |    10 |    39 |    18 |     3 ||    91
       Ration            |       |       |     1 |     3 |     2 |       |     2 ||     8
Armor: Scale mail        |    36 |       |       |       |       |       |       ||    36
       Ice dragon scales |   105 |   101 |   208 |   355 |   471 |       |       ||  1240
       Skin              |       |       |       |    23 |       |       |       ||    23
       Plate armour      |       |       |       |       |    55 |   812 |   346 ||  1213
Dodge: Dodged            |    77 |    51 |   120 |   257 |   529 |   547 |   245 ||  1826
       Repelled          |       |       |       |       |    13 |     6 |     6 ||    25
Block: Kite shield       |   115 |    92 |   233 |   463 |  1012 |  1219 |   534 ||  3668
       Reflection        |       |       |       |       |     5 |       |       ||     5
